 Dungeon Crawl Stone Soup version 0.28.0-53-g5a82cb258f (webtiles) character file.

Game seed: 542398620880759458

112 Kranky the Ruffian (level 4, -1/34 HPs)
             Began as a Gnoll Wanderer on June 18, 2022.
             Slain by a quokka (3 damage)
             ... on level 1 of the Dungeon.
             The game lasted 00:04:26 (2217 turns).

Kranky the Ruffian (Gnoll Wanderer)                 Turns: 2217, Time: 00:04:26

Health: -1/34      AC: 11    Str: 15    XL:     4   Next: 93%
Magic:  5/5        EV:  9    Int:  7    God:
Gold:   74         SH:  5    Dex: 14    Spells: 5/5 levels left

rFire   . . .      SeeInvis .   i - +1 dagger (venom)
rCold   . . .      Faith    .   e - +0 buckler
rNeg    + . .      Spirit   .   m - +2 scale mail {Will+}
rPois   .          Reflect  .   (no helmet)
rElec   .          Harm     .   (no cloak)
rCorr   .          Rampage  .   k - +1 pair of gloves
Will    +....                   (no boots)
Stlth   ..........              (no amulet)
HPRegen 0.11/turn               o - ring of positive energy
MPRegen 0.09/turn               (no ring)

@: no status effects
A: fangs 1, strong nose, distributed training
a: no special abilities


You were on level 1 of the Dungeon.
You visited 1 branch of the dungeon, and saw 2 of its levels.

You collected 74 gold pieces.

Inventory:

Hand Weapons
 a - a +0 hand crossbow
 i - a +1 dagger of venom (weapon)
Missiles
 d - 37 bolts
Armour
 e - a +0 buckler (worn)
 k - a +1 pair of gloves (worn)
 m - a +2 scale mail of willpower (worn)
Jewellery
 o - a ring of positive energy (left hand)
Scrolls
 b - a scroll of blinking
 f - a scroll of fear {unknown}
 j - a scroll of teleportation {unknown}
 l - a scroll of vulnerability {unknown}
 n - 2 scrolls of identify {unknown}
Potions
 c - a potion of brilliance
 g - a potion of flight {unknown}
 h - a potion of ambrosia {unknown}


   Skills:
 + Level 2.8 Fighting
 + Level 1.2 Short Blades
 + Level 1.2 Long Blades
 + Level 1.2 Axes
 + Level 1.2 Maces & Flails
 + Level 1.2 Polearms
 + Level 1.2 Staves
 + Level 1.2 Slings
 + Level 1.2 Bows
 + Level 2.8 Crossbows
 + Level 2.8 Throwing
 + Level 4.7 Armour
 + Level 1.2 Dodging
 + Level 1.2 Stealth
 + Level 4.7 Shields
 + Level 6.6 Unarmed Combat
 + Level 1.2 Spellcasting
 + Level 1.0 Conjurations
 + Level 1.0 Hexes
 + Level 1.0 Summonings
 + Level 1.0 Necromancy
 + Level 1.0 Translocations
 + Level 1.0 Transmutations
 + Level 1.0 Fire Magic
 + Level 1.0 Ice Magic
 + Level 1.0 Air Magic
 + Level 1.0 Earth Magic
 + Level 1.0 Poison Magic
 + Level 1.4 Invocations
 + Level 1.2 Evocations


You had 5 spell levels left.
You didn't know any spells.
Your spell library was empty.

Dungeon Overview and Level Annotations

Branches:
Dungeon (2/15)

Altars:


Innate Abilities, Weirdness & Mutations

You have very sharp teeth.
Your uncanny sense of smell can sniff out nearby items.
Your experience applies equally to all skills.


Message History

* * * LOW HITPOINT WARNING * * *
You are too injured to fight recklessly!
The orc wizard casts a spell at you. You resist with almost no effort.
You kill the orc wizard!
Your Conjurations skill increases to level 1!
Your Hexes skill increases to level 1!
Your Summonings skill increases to level 1!
Your Necromancy skill increases to level 1!
Your Translocations skill increases to level 1!
Your Transmutations skill increases to level 1!
Your Fire Magic skill increases to level 1!
Your Ice Magic skill increases to level 1!
Your Air Magic skill increases to level 1!
Your Earth Magic skill increases to level 1!
Your Poison Magic skill increases to level 1!
The quokka bites you but does no damage.
You see here a bat corpse.
The quokka bites you but does no damage.
The quokka bites you but does no damage.
The quokka closely misses you.
There is an open door here.
The quokka barely misses you.
The quokka bites you but does no damage.
The orc priest calls down the wrath of Beogh upon you.
Beogh smites you!
* * * LOW HITPOINT WARNING * * *
The quokka bites you.
* * * LOW HITPOINT WARNING * * *
There is a stone staircase leading up here.
The quokka bites you.
* * * LOW HITPOINT WARNING * * *
You climb upwards.
There is a stone staircase leading down here.
You are too injured to fight recklessly!
You are too injured to fight recklessly!
You hit the quokka.
The quokka is poisoned.
The quokka is severely wounded.
The quokka bites you.
You die...

.......................#
#.(######.#...###.###..# #.##
#.##.## ### #..#
#..######.##.#### #..#
#...............# #..#
#..######.##.##.## #..##
#............#...####...#######
#.#######.#.....r.............#
'.##### #.#.....@..##....####.#
#.....# #.#........##.##.# #.#
#.###.# #.##.......##.##.# #.#
#.# #># #.###.....###.##.# #.#
#.###.# #.# ##....# #.##.# #.#
#..##.###.# ##.#.# #.##.# #.#
#.........#####.#.###.##.# #.#
#.#######.......#.##.....####.#
..# #.............###.....#


You could see a quokka (very poisoned).

Vanquished Creatures
  Terence (D:2)
  An orc wizard (D:2)
  An adder (D:2)
  A gnoll (D:1)
  2 worms (D:2)
  6 endoplasms
  A goblin (D:1)
  3 hobgoblins (D:1)
  3 quokkas
  3 bats
  3 frilled lizards
  8 kobolds
  3 rats
36 creatures vanquished.

Notes
Turn   | Place    | Note
-------+----------+-------------------------------------------
     0 | D:1      | Kranky the Gnoll Wanderer began the quest for the Orb.
     0 | D:1      | Kranky set off with the following items: a +0 hand
                  | crossbow, a scroll of blinking, a potion of brilliance, 22
                  | bolts, a +0 buckler, a +0 leather armour
     0 | D:1      | Reached XP level 1. HP: 17/17 MP: 1/1
   123 | D:1      | Reached XP level 2. HP: 23/23 MP: 2/2
   489 | D:1      | Found a faded altar of an unknown god.
   535 | D:1      | Reached XP level 3. HP: 7/28 MP: 3/3
  1497 | D:2      | Noticed Terence
  1511 | D:2      | Killed Terence
  1512 | D:2      | Reached skill level 1 in Short Blades
  1512 | D:2      | Reached skill level 1 in Long Blades
  1512 | D:2      | Reached skill level 1 in Axes
  1512 | D:2      | Reached skill level 1 in Maces & Flails
  1512 | D:2      | Reached skill level 1 in Polearms
  1512 | D:2      | Reached skill level 1 in Staves
  1512 | D:2      | Reached skill level 1 in Slings
  1512 | D:2      | Reached skill level 1 in Bows
  1512 | D:2      | Reached skill level 1 in Dodging
  1512 | D:2      | Reached skill level 1 in Stealth
  1512 | D:2      | Reached skill level 1 in Spellcasting
  1512 | D:2      | Reached skill level 1 in Invocations
  1512 | D:2      | Reached skill level 1 in Evocations
  1512 | D:2      | Reached XP level 4. HP: 16/34 MP: 5/5
  2168 | D:2      | Reached skill level 1 in Conjurations
  2168 | D:2      | Reached skill level 1 in Hexes
  2168 | D:2      | Reached skill level 1 in Summonings
  2168 | D:2      | Reached skill level 1 in Necromancy
  2168 | D:2      | Reached skill level 1 in Translocations
  2168 | D:2      | Reached skill level 1 in Transmutations
  2168 | D:2      | Reached skill level 1 in Fire Magic
  2168 | D:2      | Reached skill level 1 in Ice Magic
  2168 | D:2      | Reached skill level 1 in Air Magic
  2168 | D:2      | Reached skill level 1 in Earth Magic
  2168 | D:2      | Reached skill level 1 in Poison Magic
  2215 | D:2      | HP: 1/34 [quokka (3)]
  2217 | D:1      | Slain by a quokka

Illustrated notes

Levels and vault maps discovered:
D:1:      dpeg_arrival_arbitrary_b, layout_loops_ring,
          dreamdust_ecumenical_altar_grove, serial_park_tiny_1,
          minmay_door_square, minmay_unequal
D:2:      layout_loops_corners, basic_altar, uniq_terence

Skill      XL: |  1  2  3  4 |
---------------+-------------+-----
Short Blades   | 1 |  1.2
Long Blades    | 1 |  1.2
Axes           | 1 |  1.2
Maces & Flails | 1 |  1.2
Polearms       | 1 |  1.2
Staves         | 1 |  1.2
Slings         | 1 |  1.2
Bows           | 1 |  1.2
Dodging        | 1 |  1.2
Stealth        | 1 |  1.2
Spellcasting   | 1 |  1.2
Invocations    | 1 |  1.4
Evocations     | 1 |  1.2
Conjurations   | 1 |  1.0
Hexes          | 1 |  1.0
Summonings     | 1 |  1.0
Necromancy     | 1 |  1.0
Translocations | 1 |  1.0
Transmutations | 1 |  1.0
Fire Magic     | 1 |  1.0
Ice Magic      | 1 |  1.0
Air Magic      | 1 |  1.0
Earth Magic    | 1 |  1.0
Poison Magic   | 1 |  1.0
Fighting       | |  2.8
Crossbows      | |  2.8
Throwing       | |  2.8
Armour         | |  4.7
Shields        | |  4.7
Unarmed Combat | |  6.6

Action                   |  1- 3 |  4- 6 || total
-------------------------+-------+-------++-------
Melee: Dagger            |    64 |    40 ||   104
       Bite              |     1 |     5 ||     6
 Fire: Hand crossbow     |    13 |       ||    13
  Use: Potion            |     1 |       ||     1
Armor: Scale mail        |    23 |    19 ||    42
Dodge: Dodged            |    23 |     8 ||    31
Block: Buckler           |     9 |     9 ||    18
